 Dungeon Crawl Stone Soup version 0.19-a0 (webtiles) character file.

879 varam the Chopper (level 7, -4/63 HPs)
             Began as a Minotaur Berserker on Apr 27, 2016.
             Was an Elder of Trog.
             Slain by a killer bee (6 damage)
             ... on level 5 of the Dungeon.
             The game lasted 00:08:00 (3472 turns).

varam the Chopper (Minotaur Berserker)              Turns: 3472, Time: 00:08:02

Health: -4/63      AC: 11    Str: 24    XL:     7   Next: 75%
Magic:  6/6        EV:  7    Int:  4    God:    Trog [****..]
Gold:   139        SH:  7    Dex:  9    Spells: 0 memorised, 6 levels left

rFire  . . .     SeeInvis .     o - +0 hand axe (freeze)
rCold  . . .     Gourm    .     z - +1 chain mail {MR+}
rNeg   . . .     Faith    .     g - +0 shield
rPois  .         Spirit   .     u - +2 hat
rElec  .         Dismiss  .     (no cloak)
rCorr  .         Reflect  .     (no gloves)
SustAt .         Harm     .     (no boots)
MR     +....                    (no amulet)
Stlth  ..........               (no ring)
                                D - -2 ring of protection (curse)

@: lethally poisoned (-4 -> -6), exhausted, slowed, very slow, somewhat
resistant to hostile enchantments, extremely unstealthy
A: retaliatory headbutt, horns 2
a: Berserk, Trog's Hand, Brothers in Arms, Burn Spellbooks, Renounce Religion


You were on level 5 of the Dungeon.
You worshipped Trog.
Trog was greatly pleased with you.
You were near starving.

You visited 1 branch of the dungeon, and saw 5 of its levels.

You collected 139 gold pieces.

Inventory:

Hand Weapons
 o - a +0 hand axe of freezing (weapon)
Armour
 g - a +0 shield (worn)
 s - a +0 ring mail
 u - a +2 hat (worn)
 z - a +1 chain mail of magic resistance (worn)
Jewellery
 D - a cursed -2 ring of protection (left hand)
Wands
 n - a wand of lightning (5/15)
 t - a wand of flame (20/48)
Scrolls
 a - 2 scrolls of enchant armour
 d - 2 scrolls of enchant weapon
 e - 2 scrolls of fear
 f - a scroll of identify
 i - 3 scrolls of amnesia {unknown}
 k - 2 scrolls of remove curse {unknown}
 p - 2 scrolls of recharging
 q - a scroll of blinking {unknown}
 v - a scroll of immolation {unknown}
 y - a scroll of fog {unknown}
 A - a scroll of random uselessness {unknown}
 E - a scroll of vulnerability {unknown}
Potions
 b - a potion of agility {unknown}
 h - 4 potions of brilliance {unknown}
 j - 2 potions of heal wounds {unknown}
 l - a potion of curing
 r - 2 potions of lignification {unknown}
 x - a potion of degeneration {unknown}
 C - a potion of might {unknown}
Books
 w - a book of the Warp

   Spells                             Type                      Level
   a - Recall                         Summoning/Translocation      3
   b - Gell's Gravitas                Hexes/Translocation          3
   c - Force Lance                    Conjuration/Translocation    4
   d - Warp Weapon                    Charms/Translocation         5
   e - Summon Forest                  Summoning/Translocation      5
   Trog disapproves of the use of such an item.
Comestibles
 c - 3 bread rations
 m - 2 beef jerkies
 B - a meat ration


   Skills:
 + Level 6.3 Fighting
 + Level 6.4 Axes
 + Level 5.8 Armour
 + Level 5.2 Dodging
 - Level 0.1 Stealth


You had 6 spell levels left.
You didn't know any spells.

Dungeon Overview and Level Annotations

Branches:
Dungeon (5/15)
 Temple: D:4-7

Altars:
Ashenzari
Gozag
Kikubaaqudgha
Makhleb


Innate Abilities, Weirdness & Mutations

You reflexively headbutt those who attack you in melee.
You have a pair of horns on your head.


Message History

You miss the killer bee.
You feel sick. You block the killer bee's attack.
The killer bee barely misses you.
The killer bee stings you but does no damage.
You closely miss the killer bee. Your headbutt misses the killer bee.
You feel sick.
The killer bee stings you but does no damage.
The killer bee stings you.
* * * LOW HITPOINT WARNING * * *
You block the killer bee's attack.
You hit the killer bee. You freeze the killer bee.
The killer bee is moderately wounded.
You block the killer bee's attack. x2
The killer bee stings you but does no damage.
The killer bee stings you.
* * * LOW HITPOINT WARNING * * *
You miss the killer bee.
The killer bee is moderately wounded.
* * * LOW HITPOINT WARNING * * *
You feel sick. You block the killer bee's attack. The killer bee stings you.
You die...

##..#
#._##
##..#
#..##
##..## ...
##..## ...
##..# ....
##.##
.y...
##@###
#.....
##yh##
#...#
##hy##...#
##h....#
##..(##
#####


You could see 2 killer bees and 3 jackals.

Vanquished Creatures
  The ghost of Loki the Ruffian, an amateur TrMo (D:4)
  The ghost of skk the Ruffian, an amateur VSMo (D:3)
  4 killer bees (D:5)
  A howler monkey (D:4)
  3 orc priests
  A jelly (D:5)
  A giant frog skeleton (D:4)
  2 worker ants
  A hound skeleton (D:5)
  6 adders
  2 oozes
  An adder skeleton (D:4)
  An adder zombie (D:2)
  4 worms
  A dart slug (D:2)
  A giant gecko (D:2)
  18 orcs
  2 bat skeletons (D:2)
  2 bat zombies (D:2)
  9 giant cockroaches
  9 goblins
  13 hobgoblins
  5 jackals
  3 quokkas
  A ball python (D:4)
  9 bats
  A giant gecko skeleton (D:4)
  5 giant newts
  11 kobolds
  A quokka zombie (D:2)
  7 rats
127 creatures vanquished.

Notes
Turn   | Place    | Note
--------------------------------------------------------------
     0 | D:1      | varam the Minotaur Berserker began the quest for the Orb.
     0 | D:1      | Reached XP level 1. HP: 19/19 MP: 0/0
    54 | D:1      | Reached XP level 2. HP: 22/27 MP: 1/1
   215 | D:1      | Reached XP level 3. HP: 29/33 MP: 2/2
   227 | D:1      | Reached ** piety under Trog
   644 | D:2      | Found a burning altar of Makhleb.
   814 | D:2      | Reached XP level 4. HP: 38/41 MP: 3/3
  1164 | D:2      | Found a burning altar of Makhleb.
  1513 | D:3      | Reached *** piety under Trog
  1514 | D:3      | Reached XP level 5. HP: 36/47 MP: 4/4
  1589 | D:3      | Noticed skk's ghost (amateur VSMo)
  1804 | D:3      | Killed skk's ghost
  1804 | D:3      | Reached skill level 5 in Fighting
  1804 | D:3      | Reached skill level 5 in Axes
  1966 | D:3      | Reached XP level 6. HP: 56/56 MP: 5/5
  2206 | D:3      | Found an opulent altar of Gozag.
  2386 | D:4      | Noticed Loki's ghost (amateur TrMo)
  2442 | D:4      | Killed Loki's ghost
  2765 | D:4      | Reached XP level 7. HP: 56/61 MP: 6/6
  3087 | D:4      | Reached skill level 5 in Armour
  3113 | D:4      | Reached **** piety under Trog
  3158 | D:4      | Found an ancient bone altar of Kikubaaqudgha.
  3227 | D:5      | Entered Level 5 of the Dungeon
  3417 | D:5      | Found a shattered altar of Ashenzari.
  3455 | D:5      | Reached skill level 5 in Dodging
  3470 | D:5      | HP: 3/63 [killer bee (3)]
  3472 | D:5      | Slain by a killer bee

Vault maps used:
D:1:      eino_arrival_cavern_d, kennysheep_decorative_pillar, minivault_4
D:2:      nicolae_overflow_crystal_walls, serial_undead, serial_undead_e,
          serial_undead_f, serial_undead_e, serial_undead_d, bloody_makhleb
D:3:      lemuel_doored_altar, first_bread
D:4:      corexii_shack_village, kiku_gazebo_garden_becter
D:5:      overflow_temple_1_default, nicolae_ashenzari_panopticon

Skill      XL: |  1  2  3  4  5  6  7 |
---------------+----------------------+-----
Axes           | 4 5 6 |  6.4
Fighting       | 4 5 6 |  6.3
Dodging        | 3 4 5 |  5.2
Armour         | 3 4 5 |  5.8
Stealth        | |  0.1

Action                   |  1- 3 |  4- 6 |  7- 9 || total
-------------------------+-------+-------+-------++-------
Melee: Hand axe          |    79 |   129 |    95 ||   303
       Headbutt          |    14 |    26 |     8 ||    48
Invok: Berserk           |     1 |     6 |     1 ||     8
  Use: Scroll            |       |       |     4 ||     4
  Eat: Chunk             |     1 |     9 |     2 ||    12
       Fruit             |       |     2 |       ||     2
       Beef jerky        |       |     1 |       ||     1
Armor: Animal skin       |    20 |       |       ||    20
       Leather armour    |       |    13 |       ||    13
       Ring mail         |       |     9 |     4 ||    13
       Chain mail        |       |       |    41 ||    41
Dodge: Dodged            |    38 |    32 |    31 ||   101
Block: Shield            |    18 |    32 |    43 ||    93
